 Dungeon Crawl Stone Soup version 0.29.1-13-g9f3cf754e1 (webtiles) character file.

Game seed: 1067196880304339959

393 nightchill the Chopper (level 6, -1/57 HPs)
             Began as a Minotaur Fighter on Feb 1, 2023.
             Was an Initiate of Hepliaklqana.
             Engulfed by a cloud of steam (6 damage)
             ... on level 6 of the Dungeon.
             The game lasted 00:08:38 (4377 turns).

nightchill the Chopper (Minotaur Fighter)           Turns: 4377, Time: 00:08:38

Health: -1/57      AC:  8    Str: 22    XL:     6   Next: 51%
Magic:  5/5        EV:  9    Int: 11    God:    Hepliaklqana [......]
Gold:   211        SH:  6    Dex: 16    Spells: 5/5 levels left

rFire   . . .      SeeInvis .   a - +0 war axe
rCold   . . .      Faith    .   c - +1 buckler
rNeg    . . .      Spirit   .   b - +0 scale mail
rPois   .          Reflect  .   (helmet restricted)
rElec   .          Harm     .   n - +0 cloak
rCorr   .          Rampage  .   (no gloves)
Will    .....                   (no boots)
Stlth   ..........              (no amulet)
HPRegen 0.19/turn               m - +6 ring of dexterity
MPRegen 0.09/turn               q - +6 ring of intelligence

@: mighty
A: horns 2, retaliatory headbutt
a: Renounce Religion


You were on level 6 of the Dungeon.
You worshipped Hepliaklqana.
Hepliaklqana was noncommittal.
You visited 2 branches of the dungeon, and saw 7 of its levels.

You collected 211 gold pieces.

Inventory:

Hand Weapons
 a - a +0 war axe (weapon)
Missiles
 s - 3 curare-tipped darts (quivered)
 w - 2 boomerangs
Armour
 b - a +0 scale mail (worn)
 c - a +1 buckler (worn)
 n - a +0 cloak (worn)
Jewellery
 m - a +6 ring of dexterity (left hand)
 q - a +6 ring of intelligence (right hand)
Wands
 y - a wand of quicksilver (4)
Scrolls
 e - 2 scrolls of enchant armour
 f - a scroll of immolation {unknown}
 g - 2 scrolls of vulnerability {unknown}
 o - a scroll of teleportation {unknown}
 p - a scroll of enchant weapon {unknown}
 t - a scroll of fear {unknown}
 v - a scroll of poison {unknown}
 x - a scroll of amnesia {unknown}
Potions
 d - a potion of might
 h - 3 potions of curing {unknown}
 i - 2 potions of resistance {unknown}
 j - 3 potions of heal wounds {unknown}
 k - 2 potions of flight {unknown}
 l - a potion of lignification {unknown}
 r - 3 potions of attraction {unknown}
 u - a potion of cancellation {unknown}
 z - a potion of mutation {unknown}


   Skills:
 + Level 5.9 Fighting
 * Level 7.0 Axes
 - Level 3.6 Armour
 - Level 3.6 Shields
 + Level 0.0 Invocations


You had 5 spell levels left.
You didn't know any spells.
Your spell library contained the following spells:

 Spells                   Type           Power      Damage    Failure   Level
 Magic Dart               Conj           0%         1d3       77%         1
 Searing Ray              Conj           0%         2d4       88%         2
 Fulminant Prism          Conj/Hex       0%         3d6       100%        4


Dungeon Overview and Level Annotations

Branches:
Dungeon (6/15)             Temple (1/1) D:5

Altars:
Ashenzari
Cheibriados
Elyvilon
Fedhas
Hepliaklqana
Kikubaaqudgha
Makhleb
Nemelex Xobeh
Okawaru
Qazlal
Sif Muna
Trog
Yredelemnul
Zin

Annotations:
D:4 2 transporters TODO, p0werm0de's ghost, amateur PaIE
D:5 !grinder, Grinder


Innate Abilities, Weirdness & Mutations

You have a pair of horns on your head.
You reflexively headbutt those who attack you in melee.


Message History

Found 7 stones.
You closely miss the steam dragon. You block the steam dragon's attack.
The steam dragon claws you but does no damage.
You hit the steam dragon but do no damage.
You block the steam dragon's attack. x2
You barely miss the steam dragon.
The steam dragon bites you but does no damage.
The steam dragon claws you but does no damage.
You slash the steam dragon! Your headbutt misses the steam dragon.
The steam dragon is moderately wounded.
The steam dragon bites you! You block the steam dragon's attack.
You hit the steam dragon but do no damage.
Your headbutt misses the steam dragon.
The steam dragon is lightly wounded.
The steam dragon breathes steam at you. The ball of steam hits you!!
You block the steam dragon's attack. The steam dragon claws you.
You barely miss the steam dragon. You headbutt the steam dragon.
The steam dragon is moderately wounded.
You are engulfed in a cloud of scalding steam.
* * * LOW HITPOINT WARNING * * *
The steam dragon bites you.
* * * LOW HITPOINT WARNING * * *
The steam dragon claws you.
* * * LOW HITPOINT WARNING * * *
You block the steam dragon's attack. The steam dragon barely misses you.
You feel very mighty all of a sudden. The steam dragon breathes steam at you.
The ball of steam hits you!
* * * LOW HITPOINT WARNING * * *
You slash the steam dragon!
The steam dragon is heavily wounded.
You are engulfed in a cloud of scalding steam.
* * * LOW HITPOINT WARNING * * *
You block the steam dragon's attack. The steam dragon closely misses you.
You slash the steam dragon! You headbutt the steam dragon.
You kill the steam dragon!
The steam dragon scales are intact enough to wear.
You are engulfed in a cloud of scalding steam.
You die...

#.# ...# #.#
...##
######.#####.....
##............#
#...###.##....#
#...#....#....#
#...#.#..#....#
#...#.#..#[...#
#.ยง@#.#..#....#
##[##.#..#....#
#.##.#.......#
.(##......#..#
#######.####.##
.........#
#######.#####.#
.......<......#
.##############


There were no monsters in sight!

Vanquished Creatures
  A steam dragon (D:6)
  An ogre (D:4)
  A jelly (D:5)
  2 hounds (D:5)
  An orc priest (D:5)
  2 iguanas
  2 adders
  4 gnolls (D:4)
  A worm (D:2)
  2 dart slugs
  3 orcs
  3 bats (D:2)
  6 endoplasms
  7 giant cockroaches
  5 goblins
  9 hobgoblins
  4 quokkas
  5 ball pythons
  7 frilled lizards
  8 kobolds
  4 rats
78 creatures vanquished.

Vanquished Creatures (others)
  A demonic plant (D:1)
  A fungus (D:1)
  6 plants (D:4)
  4 withered plants (D:1)
12 creatures vanquished.

Grand Total: 90 creatures vanquished

Notes
Turn   | Place    | Note
-------+----------+-------------------------------------------
     0 | D:1      | nightchill the Minotaur Fighter began the quest for the
                  | Orb.
     0 | D:1      | Reached XP level 1. HP: 19/19 MP: 0/0
   185 | D:1      | Found a faded altar of an unknown god.
   257 | D:1      | Reached skill level 3 in Axes
   411 | D:1      | Reached XP level 2. HP: 27/27 MP: 1/1
  1283 | D:2      | Reached XP level 3. HP: 32/33 MP: 2/2
  1459 | D:2      | Reached skill level 4 in Axes
  2029 | D:3      | Reached XP level 4. HP: 35/41 MP: 3/3
  2170 | D:3      | Identified the +1 robe of Pride {rC- Str+4}
  2939 | D:4      | Found an ancient bone altar of Kikubaaqudgha.
  2983 | D:4      | Found a transporter.
  2983 | D:4      | Found a transporter.
  3082 | D:4      | Noticed an ogre
  3086 | D:4      | Killed an ogre
  3087 | D:4      | Reached skill level 5 in Fighting
  3087 | D:4      | Reached skill level 5 in Axes
  3087 | D:4      | Reached XP level 5. HP: 39/48 MP: 4/4
  3365 | D:4      | Noticed p0werm0de's ghost (amateur PaIE)
  3528 | D:4      | Reached skill level 6 in Axes
  3586 | D:5      | Entered Level 5 of the Dungeon
  3614 | D:5      | Reached XP level 6. HP: 18/56 MP: 5/5
  4091 | D:5      | Reached skill level 7 in Axes
  4098 | D:5      | Found a staircase to the Ecumenical Temple.
  4109 | Temple   | Entered the Ecumenical Temple
  4169 | Temple   | Became a worshipper of Hepliaklqana the Forgotten
  4327 | D:5      | Noticed Grinder
  4367 | D:6      | Noticed a steam dragon
  4377 | D:6      | Killed a steam dragon
  4377 | D:6      | Engulfed by a cloud of steam

Illustrated notes

Levels and vault maps discovered:
D:1:      dreamdust_arrival_beginning_and_end, layout_loops_ring,
          shapermc_ecumenical_altar_gd
D:2:      layout_loops_ring
D:3:      layout_basic, serial_glass, glass_columns_c, glass_columns_a,
          glass_columns_a, amethyst_killhole, chequers_serial_rivers_large_a,
          chequers_garden
D:4:      layout_loops_ring, kiku_gazebo_garden_becter,
          gammafunk_ghost_gnarly_gnolls, corexii_leaking_fountain,
          chequers_avenue
D:5:      layout_gridville, minmay_temple_entry_slanted, uniq_grinder
D:6:      layout_basic, grunt_temple_overflow_diamond, serial_shops,
          nicolae_shop_crystal, nicolae_shop_hallway_plus,
          nicolae_shop_temple_entry_statues_fountains, shop, uniq_duvessa
Temple:   dshaligram_water_room_temple

Skill      XL: |  1  2  3  4  5  6 |
---------------+-------------------+-----
Axes           | 3 4 5 6 7 |  7.0
Fighting       | 4 5 |  5.9
Armour         | |  3.6
Shields        | |  3.6

Action                   |  1- 3 |  4- 6 || total
-------------------------+-------+-------++-------
Melee: War axe           |    93 |    65 ||   158
       Headbutt          |     8 |    15 ||    23
Throw: Dart              |       |     1 ||     1
  Use: Scroll            |     1 |       ||     1
       Potion            |       |     1 ||     1
Armor: Scale mail        |    32 |    20 ||    52
Dodge: Dodged            |    30 |    15 ||    45
Block: Buckler           |    18 |    22 ||    40
